Unix NetHack Version 5.0.0-0 post-release - last build May 23 2026 06:08:33 (1c0ff79ee797540d5714e4e18072db0edd9e58ae,branch:main).

Game began 2026-05-23 12:13:27, ended 2026-05-23 12:23:58.

Jobair, neutral female human Tourist

                                   -#--------------
                                   |.))...........|
           ----------------        |.@............|
       ####...............|      ##->f............|
       #   |..............|   #### --------------.-
       #   |..............|   #                 ###
       #   |.........`....| ###
       #   -.-------------- #
       #    ##          #####   -------
       #     #          #       |<....|
       #     #          #      #......|
       #     ##         #  #####|.....|
       #      ###       ########......|
       #      --|-- #####       -------
  -----+      |....######
  |[).|#      |...|####
  |?!.|#      |....#
  |...-#      |...|
  -----       -----

Jobair the Sightseer        St:8 Dx:11 Co:17 In:11 Wi:7 Ch:18  Neutral
Dlvl:4  $:512 HP:31(31) Pw:16(16) AC:10 Xp:4 T:1555 

Latest messages:
 The coyote misses Godzilla.
 The coyote bites!
 You miss the coyote.
 Godzilla misses the coyote.
 The coyote bites!
 Godzilla misses the coyote.
 In what direction? 2
 You kill the coyote!
 You swap places with Godzilla.
 There is a doorway here.
 You see here a +2 dart.
 a - a +2 dart (at the ready) (37 in total).
 In what direction? 4
 The dart hits the gnome!
 In what direction? 4
 You kill the gnome!
 Godzilla eats a gnome corpse.
 You swap places with Godzilla.
 You see here a +2 dart.
 a - a +2 dart (at the ready) (36 in total).
 In what direction? 4
 The dart misses the gnome.
 In what direction? 4
 The dart misses the gnome.
 The gnome wields a thonged club!
 The gnome secures the tether on the thonged club.
 In what direction? 4
 You kill the gnome!
 Welcome to experience level 4.
 The hobbit suddenly falls asleep!
 What do you want to use or apply?
 In what direction? 1
 The hobbit is blinded by the flash!
 The immobile hobbit seems to flinch.
 In what direction? 1
 The dart hits the hobbit.
 In what direction? 1
 You kill the hobbit!
 Really step onto that sleeping gas trap? [yn] (n) y
 There is a sleeping gas trap here.
 A cloud of gas puts you to sleep!
 Godzilla eats a gnome corpse.
 Godzilla picks up a +2 dart.
 You wake up.
 Really quit without saving? [yn] (n) y
 Do you want your possessions identified? [ynq] (y) y
 Do you want to see your attributes? [ynq] (y) y
 Do you want an account of creatures vanquished? [ynaq] (y) y
 Do you want to see your conduct and achievements? [ynq] (y) y
 Do you want to see the dungeon overview? [ynq] (y) y

Inventory:
 Coins    ('$')
  $ - 512 gold pieces
 Weapons  (')')
  a - 31 +2 darts (at the ready)
  A - a +0 dagger (weapon in right hand)
 Armor    ('[')
  q - an uncursed +0 shield of drain resistance
  k - an uncursed +0 Hawaiian shirt with a hibiscus flower motif
 Comestibles  ('%')
  e - an uncursed goober
  c - an uncursed cram ration
  d - an uncursed cream pie
  b - 6 uncursed food rations
  u - an uncursed fortune cookie
  I - an uncursed lembas wafer
  F - an uncursed orange
  f - an uncursed tripe ration
  o - an uncursed tin of broiled goblin meat
  g - 2 uncursed eggs
 Scrolls  ('?')
  v - an uncursed scroll of charging
  z - a blessed scroll of enchant weapon
  w - an uncursed scroll of identify
  j - 4 uncursed scrolls of magic mapping
 Spellbooks  ('+')
  C - an uncursed spellbook of slow monster
 Potions  ('!')
  G - an uncursed potion of confusion
  h - a blessed potion of extra healing
  i - an uncursed potion of extra healing
  D - an uncursed potion of gain energy
  B - an uncursed potion of hallucination
  y - an uncursed potion of healing
  t - an uncursed potion of object detection
  n - a cursed potion of object detection
  r - an uncursed potion of speed
 Rings    ('=')
  s - an uncursed ring of cold resistance
 Wands    ('/')
  E - a wand of digging (0:3)
 Tools    ('(')
  m - an uncursed credit card
  H - an uncursed credit card
  l - an expensive camera (0:44)
  p - a cursed tin opener
 Gems/Stones  ('*')
  x - an uncursed worthless piece of orange glass

Jobair the Tourist's attributes:

Background:
 You were a Sightseer, a level 4 female human Tourist.
 You were neutral, nominally on a mission for The Lady
 who was opposed by Blind Io (lawful) and Offler (chaotic).
 You were right-handed.
 You were in the Dungeons of Doom, on level 4.
 You entered the dungeon 1555 turns ago.
 You had 89 experience points, 71 more were needed to attain level 5.

Basics:
 You had all 31 hit points.
 You had all 16 energy points (spell power).
 Your armor class was 10.
 Your wallet contained 512 zorkmids.
 Autopickup was off.

Final Characteristics:
 Your strength was 8 (peak:12, limit:18/100).
 Your dexterity was 11 (limit:18).
 Your constitution was 17 (limit:18).
 Your intelligence was 11 (limit:18).
 Your wisdom was 7 (limit:18).
 Your charisma was 18 (limit:18).

Final Status:
 You weren't hungry.
 You were unencumbered.
 You were wielding a dagger.
 You were unskilled in dagger.
 You weren't wearing any armor.

Final Attributes:
 You were devoutly aligned.
 You survived.

Miscellaneous:
 You didn't encounter any bones levels.
 Total elapsed playing time was 10 minutes and 28 seconds.

Major events:
 Turn
    1: Jobair the neutral female human Tourist entered the dungeon
  910: attained the rank of Sightseer (level 3)
 1555: quit

You didn't know any spells.

Skills:
 Fighting Skills
   bare handed combat [Unskilled]
   two weapon combat  [Unskilled]
   riding             [Unskilled]
 Weapon Skills
   dagger             [Unskilled]
   knife              [Unskilled]
   axe                [Unskilled]
   pick-axe           [Unskilled]
   short sword        [Unskilled]
   broadsword         [Unskilled]
   long sword         [Unskilled]
   two-handed sword   [Unskilled]
   saber              [Unskilled]
   mace               [Unskilled]
   morning star       [Unskilled]
   flail              [Unskilled]
   hammer             [Unskilled]
   quarterstaff       [Unskilled]
   polearms           [Unskilled]
   spear              [Unskilled]
   trident            [Unskilled]
   lance              [Unskilled]
   bow                [Unskilled]
   sling              [Unskilled]
   crossbow           [Unskilled]
   dart               [Basic]
   shuriken           [Unskilled]
   boomerang          [Unskilled]
   whip               [Unskilled]
   unicorn horn       [Unskilled]
 Spellcasting Skills
   divination spells  [Unskilled]
   enchantment spells [Unskilled]
   escape spells      [Unskilled]

Voluntary challenges:
 Character rerolling was not enabled.
 You were an atheist.
 You never genocided any monsters.
 You never polymorphed an object.
 You never changed form.
 You used no wishes.
Achievements:
 You entered a shop.
 You attained the rank of Sightseer.

 The Dungeons of Doom: levels 1 to 4
    Level 1:
       A fountain, a sink.
    Level 2:
       A general store, a grave.
    Level 3:
    Level 4: <- You were here.
       A general store.


Vanquished creatures:
  a homunculus
 an acid blob
  a coyote
  a gas spore
  2 hobbits
  2 gnomes
  3 geckos
  a jackal
  a fox
  5 grid bugs
  3 lichens
  2 kobold zombies
  5 newts
28 creatures vanquished.

No species were genocided or became extinct.

Aloha Jobair the Tourist...

You quit in The Dungeons of Doom on dungeon level 4 with 563 points,
and 512 pieces of gold, after 1555 moves.
You were level 4 with a maximum of 31 hit points when you quit.

